Map: Frozen Temple

Players

JHB

  • Race: Zerg Zerg
  • League: Master

DiZzyFingErs - Winner!

  • Race: Protoss Protoss
  • League: Master

VOD

Have the link to the VOD?

Description

Time

  • Played on: July 8, 2016, 11:49 p.m.
  • Length: 5:41
Show
View Real Time Build Order
Export as new Build Order

JHB Zerg 

Build Orders: Hatch First 

Get SALT Encoding   

  12  0:01  Drone  
  13  0:12  Overlord  
  13  0:18  Drone  
  14  0:31  Drone x2  
  14  0:35  Drone  
  17  0:55  Hatchery  
  16  0:58  Drone  
  16  1:00  Drone  
  18  1:13  Extractor  
  18  1:15  Spawning Pool  
  18  1:18  Drone  
  17  1:21  Drone  
  18  1:29  Drone  
  19  1:40  Drone  
  20  1:50  Overlord  
  20  2:03  Drone  
  20  2:07  Queen x2  
  25  2:09  Drone  
  26  2:15  Drone  
  26  2:19  Drone  
  28  2:27  Drone  
  29  2:30  Hatchery  
  29  2:34  Drone x2  
  30  2:42  Pneumatized Carapace  
  30  2:49  Overlord x2  
  30  2:51  Drone  
  31  3:08  Drone x3  
  34  3:15  Queen  
  34  3:17  Drone x4  
  34  3:19  Overlord  
  40  3:21  Overlord  
  40  3:23  Overlord  
  40  3:32  Drone  
  40  3:34  Roach Warren  
  40  3:36  Spore Crawler  
  39  3:44  Zergling x4  
  41  3:49  Queen  
  41  3:50  Drone x3  
  46  4:06  Drone x2  
  48  4:15  Drone x4, Extractor  
  48  4:16  Lair, Extractor  
  48  4:17  Extractor  
  47  4:26  Drone  
  49  4:31  Drone x3  
  49  4:32  Drone x2  
  49  4:33  Drone  
  54  4:47  Roach x3  
  54  4:50  Overlord x2  
  60  5:02  Roach x3  
  66  5:16  Roach x7  
Show
View Real Time Build Order
Export as new Build Order

DiZzyFingErs Protoss - Winner!

Build Orders: 1 Gate Expand 

Get SALT Encoding   

  12  0:01  Probe (Chrono Boost)  
  13  0:11  Probe (Chrono Boost)  
  14  0:22  Probe (Chrono Boost), Pylon  
  15  0:40  Probe (Chrono Boost), Gateway  
  16  0:45  Assimilator  
  16  0:51  Probe (Chrono Boost)  
  17  1:01  Probe (Chrono Boost)  
  18  1:12  Probe (Chrono Boost)  
  19  1:24  Nexus  
  19  1:35  Cybernetics Core  
  19  1:41  Zealot (Chrono Boost)  
  21  1:49  Pylon  
  21  1:56  Probe  
  21  1:58  Assimilator  
  22  2:08  Probe  
  23  2:11  Stalker (Chrono Boost)  
  23  2:13  Warp Gate  
  25  2:20  Probe  
  26  2:33  Robotics Facility  
  26  2:34  Probe  
  27  2:38  Probe  
  28  2:46  Probe  
  28  2:48  Probe  
  30  2:58  Probe, Mothership Core  
  33  3:11  Probe  
  34  3:16  Gateway  
  34  3:17  Probe  
  34  3:18  Gateway  
  35  3:23  Probe  
  36  3:28  Probe  
  37  3:35  Warp Prism  
  37  3:39  Gateway  
  39  3:45  Gateway  
  39  3:51  Gateway  
  39  4:01  Pylon, Gateway  
  39  4:05  Pylon  
  37  4:35  Zealot x3  
  43  4:42  Zealot  
  43  4:45  Zealot  
  47  4:50  Zealot  
  49  4:54  Pylon  
  49  4:56  Zealot x4  
  49  4:57  Pylon  
  57  5:14  Stalker x4  
  61  5:28  Stalker x2  
  65  5:30  Stalker  
Tags
 
Add a new tag
Caveats
  • Supply blocks, unpowered buildings, or Contaminate may cause inaccurate times.
  • Supply counts are checked every 10 seconds.